 Dungeon Crawl Stone Soup version 0.30-a0-422-g946f4849ff (webtiles) character file.

Game seed: 2872260462021429070

126 pokeman the Magician (level 4, 0/25 HPs)
             Began as a Deep Elf Hedge Wizard on Dec 8, 2022.
             Killed by miscasting Mephitic Cloud (7 damage)
             ... on level 3 of the Dungeon.
             The game lasted 00:05:49 (2603 turns).

pokeman the Magician (Deep Elf Hedge Wizard)        Turns: 2603, Time: 00:05:49

Health: 0/25       AC:  4    Str:  7    XL:     4   Next: 84%
Magic:  10/13      EV: 12    Int: 21    God:
Gold:   144        SH:  0    Dex: 14    Spells: 5/13 levels left

rFire   + . .      SeeInvis .    s - +7 hammer of Unreason {spect, rF+ rC+}
rCold   + . .      Faith    .    (no shield)
rNeg    . . .      Spirit   .    j - +0 leather armour
rPois   .          Reflect  .    c - +0 hat
rElec   .          Harm     .    r - +0 cloak
rCorr   .          Rampage  .    (no gloves)
Will    .....                    (no boots)
Stlth   ++........               (no amulet)
HPRegen 0.24/turn                (no ring)
MPRegen 0.13/turn                (no ring)

@: very slightly contaminated
A: no striking features
a: no special abilities


You were on level 3 of the Dungeon.
You visited 1 branch of the dungeon, and saw 3 of its levels.

You collected 144 gold pieces.

Inventory:

Hand Weapons
 q - a +3 quarterstaff of chaos
 s - the +7 hammer of Unreason (weapon) {spect, rF+ rC+}
   (You found it on level 2 of the Dungeon)

   When its wielder attacks, the weapon's spirit leaps out and strikes again.
   The spirit shares a part of any damage it takes with its wielder.
   rF:        It protects you from fire.
   rC:        It protects you from cold.
Armour
 c - a +0 hat (worn)
 j - a +0 leather armour (worn)
 r - a +0 cloak (worn)
Magical Staves
 k - a staff of air
Jewellery
 m - an amulet of guardian spirit
Scrolls
 a - a scroll of noise {unknown}
 e - 2 scrolls of enchant weapon {unknown}
 f - 4 scrolls of identify {unknown}
 g - a scroll of immolation {unknown}
 l - a scroll of fear {unknown}
 n - a scroll of butterflies {unknown}
 p - a scroll of teleportation {unknown}
Potions
 b - a potion of cancellation {unknown}
 d - a potion of magic
 h - a potion of heal wounds {unknown}
 i - 2 potions of curing


   Skills:
 - Level 1.0 Fighting
 - Level 1.0 Armour
 - Level 3.0 Dodging
 - Level 3.0 Stealth
 + Level 5.4 Spellcasting
 + Level 2.6 Conjurations
 - Level 1.1 Summonings
 - Level 1.1 Translocations
 + Level 0.8 Air Magic
 + Level 0.7 Evocations


You had 5 spell levels left.
You knew the following spells:

 Your Spells              Type           Power      Damage    Failure   Level
a - Magic Dart            Conj           64%        1d6       5%          1
b - Mephitic Cloud        Conj/Pois/Air  10%        N/A       28%         3
c - Call Imp              Summ           10%        N/A       14%         2
d - Blink                 Tloc           20%        N/A       14%         2

Your spell library contained the following spells:

 Spells                   Type           Power      Damage    Failure   Level
 Kiss of Death            Conj/Necr      44%        2d8       9%          1
 Slow                     Hex            20%        N/A       16%         1
 Cigotuvi's Dreadful Rot  Necr/Pois/Air  12%        N/A       21%         2
 Confusing Touch          Hex            5%         N/A       41%         3
 Dispel Undead            Necr           5%         3d7       83%         4


Dungeon Overview and Level Annotations

Branches:
Dungeon (3/15)

Altars:

Shops:
D:1 ?


Message History

You drop a +0 mace of protection.
You see here a +0 hammer.
There is an open translucent door here.
You see here a +0 hammer.
You see here a +0 hammer.
There is a stone staircase leading down here.
As you open the door, it creaks loudly!
Unknown command.
There is an open door here.
There is an open door here.
Done exploring.
Done exploring.
There is a stone staircase leading down here.
You climb downwards.
There is a stone staircase leading up here.
An orc comes into view. It is wielding a +0 hand axe.
An orc comes into view. It is wielding a +0 flail.
The orc shouts! x4
You completely miss the orc. The orc barely misses you.
The orc hits you but does no damage.
Unknown command.
The orc attacks as you move away! The orc hits you with a +0 flail.
The orc attacks as you move away! The orc hits you with a +0 flail!
There is a stone staircase leading up here.
You closely miss the orc.
Your +7 hammer of Unreason {spect, rF+ rC+} misses the orc.
The orc hits you with a +0 flail.
* * * LOW HITPOINT WARNING * * *
Unknown command.
Casting: Magic Dart (safe; 5% risk of failure)
Confirm with . or Enter, or press ? or * to list all spells.
The spell is extremely dangerous to miscast (28% risk of failure)!
Continue anyway?
Aiming: Mephitic Cloud (extremely dangerous; 28% risk of failure)
Press: ? - help, Shift-Dir - straight line, f - orc
Aim: an orc, wielding a +0 flail and wearing a +0 scale mail (chance to affect: 96%) That beam is likely to hit you.
Continue anyway?
You miscast Mephitic Cloud.
You are very lightly contaminated with residual magic.
You are caught in a violent explosion!
You die...

### ..# #.# .#.
#.# #
.....###.###.#####
#...@ooo.......
#####ยง##o..####
...# o...# #####
...## #.## .# .#
+#


You could see 4 orcs.

Vanquished Creatures
  Crazy Yiuf (D:2)
  5 adders (D:2)
  A worm (D:2)
  A dart slug (D:1)
  4 ball pythons (D:1)
  3 bats
  7 endoplasms
  8 goblins
  4 hobgoblins
  3 quokkas (D:2)
  A frilled lizard (D:2)
  4 kobolds
  6 rats
48 creatures vanquished.

Vanquished Creatures (others)
  A fungus (D:1)
  A plant (D:1)
2 creatures vanquished.

Grand Total: 50 creatures vanquished

Notes
Turn   | Place    | Note
-------+----------+-------------------------------------------
     0 | D:1      | pokeman the Deep Elf Hedge Wizard began the quest for the
                  | Orb.
     0 | D:1      | Reached XP level 1. HP: 10/10 MP: 7/7
   197 | D:1      | Reached XP level 2. HP: 16/16 MP: 5/9
   240 | D:1      | Found a faded altar of an unknown god.
   638 | D:1      | Found Odump's Magic Scroll Boutique.
   858 | D:1      | Reached XP level 3. HP: 20/20 MP: 6/11
   862 | D:1      | Learned a level 3 spell: Mephitic Cloud
   865 | D:1      | Learned a level 2 spell: Blink
   868 | D:1      | Learned a level 2 spell: Call Imp
   943 | D:1      | Reached skill level 1 in Armour
  1163 | D:2      | Reached skill level 1 in Fighting
  1312 | D:2      | Reached skill level 5 in Spellcasting
  1604 | D:2      | Reached XP level 4. HP: 22/25 MP: 5/13
  2305 | D:2      | Found a runed translucent door.
  2306 | D:2      | Noticed Crazy Yiuf
  2324 | D:2      | Killed Crazy Yiuf
  2336 | D:2      | Identified the +7 hammer of Unreason {spect, rF+ rC+}
  2603 | D:3      | Killed by miscasting Mephitic Cloud

Illustrated notes

Levels and vault maps discovered:
D:1:      noname_arrival_rooms_in_the_neighbourhood, layout_rooms,
          shapermc_ecumenical_altar_acropolis, serial_shops, shop
D:2:      layout_loops_corners, minmay_tetromino_t4, uniq_crazy_yiuf_cottage
D:3:      due_chaos_kobolds, layout_loops_corners, uniq_sigmund

Skill      XL: |  1  2  3  4 |
---------------+-------------+-----
Armour         | 1 |  1.0
Fighting       | 1 |  1.0
Conjurations   | 2 |  2.6
Spellcasting   | 5 |  5.4
Stealth        | 3 |  3.0
Dodging        | 3 |  3.0
Summonings     | |  1.1
Translocations | |  1.1
Air Magic      | |  0.8
Evocations     | |  0.7

Action                   |  1- 3 |  4- 6 || total
-------------------------+-------+-------++-------
Melee: Dagger            |     1 |       ||     1
       Mace              |       |     3 ||     3
 Cast: Magic Dart        |    94 |    40 ||   134
       Mephitic Cloud    |       |     1 ||     1
       Call Imp          |       |     1 ||     1
 Stab: Sleeping          |     1 |       ||     1
Armor: Leather armour    |     3 |     3 ||     6
Dodge: Dodged            |    13 |     4 ||    17

Table legend: (Time is in decaauts)
 A = Elapsed time spent in this place.
 B = Non-inter-level travel time spent in this place.
 C = Inter-level travel time spent in this place.
 D = Time resting spent in this place.
 E = Time spent auto-exploring this place.
 F = Levels seen in this place.
 G = Mean time per level.
                   A        B        C        D        E       F      G
               +--------+--------+--------+--------+--------+-----+--------+
         Total |   2602 |   2542 |     60 |     55 |   2185 |   3 |  867.3 |
       Dungeon |   2602 |   2542 |     60 |     55 |   2185 |   3 |  867.3 |
               +--------+--------+--------+--------+--------+-----+--------+

Top non-repeatable levels by time:
     D:2: 1601 daAuts
     D:1: 993 daAuts
     D:3: 8 daAuts
